 Dungeon Crawl Stone Soup version 0.30-a0-937-ga0a21ad780 (webtiles) character file.

Game seed: 4398648279676827602

21 DeathPants the Gusty (level 2, 0/15 HPs)
             Began as a Vine Stalker Wanderer on Mar 24, 2023.
             Succumbed to an adder's poison
             ... on level 2 of the Dungeon.
             The game lasted 00:02:31 (489 turns).

DeathPants the Gusty (Vine Stalker Wanderer)         Turns: 489, Time: 00:02:32

Health: 0/15       AC:  2    Str: 10 (13) XL:     2   Next: 83%
Magic:  2/5        EV: 11    Int: 13 (14) God:
Gold:   34         SH:  0    Dex: 10 (12) Spells: 3/4 levels left

rFire   . . .      SeeInvis .    a - +0 hand axe
rCold   . . .      Faith    .    (no shield)
rNeg    . . .      Spirit   +    e - +0 robe
rPois   .          Reflect  .    (no helmet)
rElec   .          Rampage  .    (no cloak)
rCorr   .                        (no gloves)
Will    .....                    (no boots)
Stlth   +                        (no amulet)
HPRegen 0.22/turn                (no ring)
MPRegen 0.09/turn                (no ring)

@: lethally poisoned (0 -> -7), hasted, very quick
A: fangs 2, magic shield, antimagic bite, no potion heal 2
a: no special abilities


You were on level 2 of the Dungeon.
You visited 1 branch of the dungeon, and saw 2 of its levels.

You collected 34 gold pieces.

Inventory:

Hand Weapons
 a - a +0 hand axe (weapon)
 c - a +0 dagger
 f - a +0 dagger
Missiles
 b - 14 poisoned darts
Armour
 e - a +0 robe (worn)
Scrolls
 d - a scroll of fear
 g - 2 scrolls of vulnerability {unknown}
 j - 2 scrolls of amnesia {unknown}
 k - a scroll of poison {unknown}
 l - a scroll of identify {unknown}
 m - a scroll of enchant weapon {unknown}
Potions
 h - 3 potions of haste
 i - a potion of degeneration


   Skills:
 + Level 2.1 Fighting
 - Level 1.7 Axes
 - Level 1.0 Throwing
 + Level 1.3 Stealth
 + Level 1.6 Spellcasting
 + Level 4.1 Air Magic


You had 3 spell levels left.
You knew the following spells:

 Your Spells              Type           Power      Damage    Failure   Level
a - Shock                 Conj/Air       24%        1d4       11%         1

Your spell library contained the following spells:

 Spells                   Type           Power      Damage    Failure   Level
 Poisonous Vapours        Pois/Air       12%        N/A       17%         2
 Mephitic Cloud           Conj/Pois/Air  4%         N/A       41%         3


Dungeon Overview and Level Annotations

Branches:
Dungeon (2/15)

Altars:


Innate Abilities, Weirdness & Mutations

You have extremely sharp teeth.
When hurt, damage is shared between your health and your magic reserves.
Your bite disrupts and absorbs the magic of your enemies.
Potions cannot restore your health.


Message History

You feel sick. The adder bites you.
You don't have enough magic to cast this spell.
You don't have enough magic to cast this spell.
You don't have enough magic to cast this spell.
You barely miss the adder. Your bite misses the adder.
The adder is moderately wounded.
You feel sick.
The adder bites you but does no damage. x2
You closely miss the adder.
The adder is moderately wounded.
You feel sick.
You are no longer poisoned.
The adder barely misses you.
You barely miss the adder. You bite the adder. You drain its power.
You feel invigorated.
The adder is severely wounded.
The adder bites you but does no damage. The adder barely misses you.
You closely miss the adder.
The adder is severely wounded.
The adder misses you. The adder barely misses you.
You closely miss the adder.
The adder is severely wounded.
The adder bites you.
You are lethally poisoned!
The adder poisons you!
You miss the adder.
The adder is severely wounded.
* * * LOW HITPOINT WARNING * * *
You feel sick. The adder bites you.
* * * LOW HITPOINT WARNING * * *
You are more poisoned.
The adder poisons you!
An endoplasm comes into view.
The adder misses you.
It was a potion of haste.
You feel yourself speed up.
* * * LOW HITPOINT WARNING * * *
You feel sick. The adder bites you.
It was a potion of degeneration.
There was something very wrong with that liquid.
You feel weakened.
You feel dopey.
You feel clumsy.
You die...

... ##....
#.........#. ...##
.J......... ...#
........... .####
$......... . #####
#......... ..
##...###.........
##.....#....$.....
#.........@.....##
#.........)S.....#
#................#
##...............#
#......)<......##
#..........#...##
#.......########
#.......#
##.....##


You could see an adder and an endoplasm (wandering).

Vanquished Creatures
  A dart slug (D:1)
  A bat (D:1)
  2 endoplasms (D:1)
  A giant cockroach (D:1)
  4 goblins
  2 hobgoblins
  2 quokkas (D:1)
  A frilled lizard (D:1)
  2 rats (D:1)
16 creatures vanquished.

Notes
Turn   | Place    | Note
-------+----------+-------------------------------------------
     0 | D:1      | DeathPants the Vine Stalker Wanderer began the quest for
                  | the Orb.
     0 | D:1      | DeathPants set off with the following items: a +0 hand axe,
                  | 14 poisoned darts, a +0 dagger, a scroll of fear, a +0
                  | robe; and the following spell memorised: Shock; and the
                  | following spells available to memorise: Poisonous Vapours,
                  | Mephitic Cloud.
     0 | D:1      | Reached XP level 1. HP: 11/11 MP: 3/3
   154 | D:1      | Reached XP level 2. HP: 11/15 MP: 1/5
   223 | D:1      | Reached skill level 1 in Stealth
   489 | D:2      | Succumbed to an adder's poison

Illustrated notes

Levels and vault maps discovered:
D:1:      shiori_arrival_maze, layout_loops_ring
D:2:      layout_rooms, minmay_stone_trees_small, kennysheep_generic_room_8

Skill      XL: |  1  2 |
---------------+-------+-----
Fighting       | 2 |  2.1
Stealth        | 1 |  1.3
Axes           | |  1.7
Throwing       | |  1.0
Spellcasting   | |  1.6
Air Magic      | |  4.1

Action                     || total
---------------------------++-------
  Melee: Hand axe          ||    47
         Bite              ||     6
         Punch             ||     1
  Throw: Dart              ||     1
   Cast: Shock             ||     4
    Use: Potion            ||     2
   Stab: Sleeping          ||     1
 Armour: Robe              ||    20
  Dodge: Dodged            ||    31

Table legend: (Time is in decaauts)
 A = Elapsed time spent in this place.
 B = Non-inter-level travel time spent in this place.
 C = Inter-level travel time spent in this place.
 D = Time resting spent in this place.
 E = Time spent auto-exploring this place.
 F = Levels seen in this place.
 G = Mean time per level.
                   A        B        C        D        E       F      G
               +--------+--------+--------+--------+--------+-----+--------+
         Total |    499 |    499 |      0 |      0 |    300 |   2 |  249.5 |
       Dungeon |    499 |    499 |      0 |      0 |    300 |   2 |  249.5 |
               +--------+--------+--------+--------+--------+-----+--------+

Top non-repeatable levels by time:
     D:1: 445 daAuts
     D:2: 53 daAuts
